 Dungeon Sprint DCSS version 0.31-a0-1278-g11c5b68f87 (webtiles) character file.

Game seed: 12595682054752689437

247 bmb222 the Changeling (level 5, -6/37 HPs)
             Began as a Demonspawn Shapeshifter on Dec 17, 2023.
             Mangled by Menkaure (24 damage)
             ... in the Dungeon (Sprint II: "The Violet Keep of Menkaure").
             The game lasted 00:00:24 (46 turns).

bmb222 the Changeling (Demonspawn Shapeshifter)       Turns: 46, Time: 00:00:24

Health: -6/37      AC:  2    Str: 16    XL:     5   Next: 85%
Magic:  5/5        EV: 13    Int: 11    God:
Gold:   243        SH:  0    Dex: 12    Spells: 4/4 levels left

rFire   . .          .
                       - Unarmed
rCold   . . .        (no shield)
rNeg    . . .        a - +0 animal skin
rPois   .            (helmet currently unavailable)
rElec   .            (cloak currently unavailable)
rCorr   .            (gloves currently unavailable)
SInv    .            (boots currently unavailable)
Will    .....        (no amulet)
Stlth   +            (no ring)
HPRegen 0.26/turn    (no ring)
MPRegen 0.09/turn

%: no teleportation
@: beast-form, on berserk cooldown, hasted and slowed
A: beast (slay +4), demonic guardian 2
a: Begin Untransformation


You were in the Dungeon.
You were a hulking beast.
You visited 1 branch You collected 243 gold pieces.

Inventory:

Armour
 a - a +0 animal skin (worn)
Talismans
 c - a beast talisman
 d - a flux talisman
Scrolls
 j - a scroll of blinking
Potions
 b - a potion of lignification
 e - a potion of curing
 h - 2 potions of magic


   Skills:
 + Level 1.4 Fighting
 + Level 3.8 Dodging
 + Level 7.6 Unarmed Combat
 + Level 7.6 Shapeshifting


You had 4 spell levels left.
You didn't know any spells.
Your spell library was empty.

Dungeon Overview and Level Annotations

Branches:
Dungeon (1/1)

Altars:

Annotations:
D exclusion: orange crystal statue, Menkaure


Innate Abilities, Weirdness & Mutations

You are a hulking beast.
Your limbs bulge with bestial killing power. (Slay +4)
A demonic guardian rushes to your aid.


Message History

The necrophage is heavily damaged.
Unknown command.
You closely miss the necrophage.
The necrophage is heavily damaged.
The necrophage hits you.
You hit the necrophage.
The necrophage is severely damaged.
The necrophage hits you.
You feel drained.
You punch the necrophage!
You destroy the necrophage!
Your life force feels restored.
You now have 243 gold pieces.
You see here a necrophage corpse.
You start resting.
You feel a strong urge to attack something.
You are no longer berserk.
You are exhausted.
You feel yourself slow down.
You start resting.
Menkaure, Prince of Dust comes into view.
Menkaure shouts!
Menkaure casts a spell at you. Pain shoots through your body!
There is an open door here.
Things that are here:
a necrophage corpse; a necrophage corpse Menkaure calls on the powers of darkness!
Your body is wracked with pain!
A demonic guardian appears!
Menkaure hits your orange demon!!
You see here a necrophage corpse.
You feel yourself speed up.
Your orange demon stings Menkaure.
Your orange demon hits Menkaure.
Menkaure hits your orange demon!
Marking area around an orange crystal statue as unsafe for travelling.
You swap places.
You see here a necrophage corpse.
You hit Menkaure but do no damage.
Menkaure is almost destroyed.
Menkaure hits you!!
Ouch! That really hurt!
You die...

#+#
##.##
+.<.+
##.##
##†##
#.h4##
#.M#..#
##.#.##
##'##
~~ ++#
≈§ ≈≈
§§8


You could see Menkaure (ally target) and a friendly orange demon (summoned).

Vanquished Creatures
  4 necrophages (D)
4 creatures vanquished.

Notes
Turn   | Place    | Note
-------+----------+-------------------------------------------
     0 | D        | bmb222 the Demonspawn Shapeshifter began the quest for the
                  | Orb.
     0 | D        | Reached XP level 1. HP: 15/15 MP: 1/1
     1 | D        | Noticed a necrophage
     1 | D        | Noticed a necrophage
     1 | D        | Noticed a necrophage
     1 | D        | Noticed a necrophage
    13 | D        | Killed a necrophage
    14 | D        | Reached skill level 5 in Unarmed Combat
    14 | D        | Reached skill level 5 in Shapeshifting
    14 | D        | Gained mutation: A weak demonic guardian rushes to your
                  | aid. [demonic ancestry]
    14 | D        | Reached XP level 2. HP: 21/21 MP: 2/2
    14 | D        | Reached XP level 3. HP: 26/26 MP: 3/3
    17 | D        | Killed a necrophage
    18 | D        | Gained mutation: A demonic guardian rushes to your aid.
                  | [demonic ancestry]
    18 | D        | Reached XP level 4. HP: 32/32 MP: 4/4
    19 | D        | Killed a necrophage
    20 | D        | Reached XP level 5. HP: 37/37 MP: 5/5
    40 | D        | Noticed Menkaure
    44 | D        | Noticed an orange crystal statue
    46 | D        | Mangled by Menkaure

Illustrated notes

Levels and vault maps discovered:
D:        the_violet_keep_of_menkaure [sprint2_stairs_cluster_1,
          sprint2_shoproom, sprint2_temple, sprint2_basic_supplies,
          sprint2_obstacle_4, sprint2_obstacle_7, sprint2_obstacle_3,
          sprint2_obstacle_6, sprint2_obstacle_2, sprint2_timed_cluster_1,
          sprint2_smallroom_cluster_1, sprint2_smallroom_final_cluster_1,
          sprint2_transparent_cluster_1, sprint2_second_timed_cluster_1,
          sprint2_sniper_area_1, sprint2_heavy_combat_area_1,
          sprint2_mutation_trap_area_1, sprint2_forest_area_1,
          sprint2_light_combat_area_1, sprint2_behind_water_1,
          sprint2_near_end_vault_1]

Skill      XL: |  1  2  3  4 |
---------------+-------------+-----
Dodging        | 2 3 |  3.8
Unarmed Combat | 5 6 7 |  7.6
Shapeshifting  | 5 6 7 |  7.6
Fighting       | |  1.4

Action                     |  1- 3 |  4- 6 || total
---------------------------+-------+-------++-------
  Melee: Unarmed           |    13 |     7 ||    20
         Punch             |     1 |       ||     1
    Use: Potion            |     2 |     1 ||     3
 Armour: Animal skin       |     2 |     4 ||     6
  Dodge: Dodged            |     8 |     1 ||     9

Table legend: (Time is in decaauts)
 A = Elapsed time spent in this place.
 B = Non-inter-level travel time spent in this place.
 C = Inter-level travel time spent in this place.
 D = Time resting spent in this place.
 E = Time spent auto-exploring this place.
 F = Levels seen in this place.
 G = Mean time per level.
                   A        B        C        D        E       F      G
               +--------+--------+--------+--------+--------+-----+--------+
         Total |     47 |     47 |      0 |     19 |      0 |   1 |   47.0 |
       Dungeon |     47 |     47 |      0 |     19 |      0 |   1 |   47.0 |
               +--------+--------+--------+--------+--------+-----+--------+

Top non-repeatable levels by time:
       D: 47 daAuts
